 Dungeon Crawl Stone Soup version 0.30-a0-4-ga7cffc901d (webtiles) character file.

Game seed: 2682276777690248752

12425 quinnr the Zephyrmancer (level 11, -2/61 HPs)
             Began as a Tengu Air Elementalist on Aug 21, 2022.
             Was an Elder of Sif Muna.
             Slain by a blink frog (9 damage)
             ... on level 1 of the Lair of Beasts.
             The game lasted 00:35:43 (14862 turns).

quinnr the Zephyrmancer (Tengu Air Elementalist)   Turns: 14862, Time: 00:35:43

Health: -2/61      AC:  6    Str:  8    XL:     11   Next: 93%
Magic:  15/21      EV: 18    Int: 21    God:    Sif Muna [****..]
Gold:   759        SH:  0    Dex: 14    Spells: 1/22 levels left

rFire   . . .      SeeInvis .    b - +1 demon whip (venom)
rCold   . . .      Faith    .    (no shield)
rNeg    . . .      Spirit   .    v - +2 robe {Will+}
rPois   .          Reflect  .    k - +1 hat
rElec   .          Harm     .    y - +0 cloak
rCorr   +          Rampage  .    (no gloves)
Will    ++...                    (boots unavailable)
Stlth   +++.......               (no amulet)
HPRegen 0.20/turn                Q - ring of Tuept {Will+ rCorr}
MPRegen 0.17/turn                D - ring of wizardry

@: flying quickly and evasively, quick
A: beak, talons 3, nimble flight
a: Renounce Religion, Channel Magic, Forget Spell, Divine Exegesis


You were on level 1 of the Lair of Beasts.
You worshipped Sif Muna.
Sif Muna was greatly pleased with you.
You visited 3 branches of the dungeon, and saw 11 of its levels.
You also visited: Bailey.

You collected 759 gold pieces.

Inventory:

Hand Weapons
 b - a +1 demon whip of venom (weapon)
 i - a +1 dagger of venom
 L - the +7 lajatang of Order {silver, rMut}
   (You acquired it in a bailey)

   It inflicts extra damage upon those it strikes, and deals substantially
   increased damage to chaotic, mutated and magically transformed beings.
   rMut:      It protects you from mutation.
Missiles
 s - 14 boomerangs
 x - 2 throwing nets
Armour
 g - a +0 troll leather armour
 k - a +1 hat (worn)
 v - a +2 robe of willpower (worn)
 y - a +0 cloak (worn)
Magical Staves
 P - a staff of death
Jewellery
 d - a ring of magical power
 n - a +4 ring of evasion
 p - a ring of ice
 q - a ring of positive energy
 u - a ring of positive energy
 D - a ring of wizardry (right hand)
 M - a +6 ring of strength
 Q - the ring of Tuept (left hand) {Will+ rCorr}
   (You acquired it on level 1 of the Lair of Beasts)

   [ring of resist corrosion]

   rCorr:     It protects you from acid and corrosion.
   Will:      It increases your willpower.
Wands
 a - a wand of digging (9)
 w - a wand of charming (4)
 I - a wand of polymorph (3)
Scrolls
 c - 8 scrolls of teleportation
 f - 4 scrolls of vulnerability
 h - 2 scrolls of immolation
 o - 2 scrolls of torment
 C - 2 scrolls of fear {unknown}
 E - a scroll of enchant armour
 F - a scroll of butterflies {unknown}
 K - 3 scrolls of brand weapon
 N - a scroll of poison {unknown}
 O - a scroll of amnesia {unknown}
Potions
 e - 3 potions of attraction {unknown}
 j - 2 potions of flight
 l - 4 potions of heal wounds
 m - 3 potions of degeneration
 r - 2 potions of ambrosia
 t - 2 potions of brilliance
 z - 2 potions of lignification
 A - 3 potions of curing
 B - a potion of might
 G - a potion of magic
 H - 4 potions of mutation
 J - 2 potions of haste


   Skills:
 - Level 4.0 Fighting
 + Level 8.2 Dodging
 - Level 6.0 Stealth
 - Level 6.0 Spellcasting
 + Level 5.4 Conjurations
 + Level 2.2 Ice Magic
 + Level 13.6 Air Magic
 + Level 6.6 Poison Magic
 - Level 6.0 Invocations


You had one spell level left.
You knew the following spells:

 Your Spells              Type           Power      Damage    Failure   Level
a - Shock                 Conj/Air       100%       1d9       1%          1
b - Mephitic Cloud        Conj/Pois/Air  42%        N/A       1%          3
c - Static Discharge      Conj/Air       46%        3-9/arc   1%          2
d - Poisonous Vapours     Pois/Air       98%        N/A       1%          2
e - Airstrike             Air            29%        2d(5-21)  1%          4
f - Olgreb's Toxic Radia  Pois           34%        N/A       2%          4
g - Freezing Cloud        Conj/Ice/Air   18%        6-21      6%          5

Your spell library contained the following spells:

 Spells                   Type           Power      Damage    Failure   Level
 Foxfire                  Conj/Fire      68%        2x1d7     1%          1
 Sting                    Tmut/Pois      80%        1d7       1%          1
 Summon Small Mammal      Summ           24%        N/A       4%          1
 Swiftness                Air            59%        N/A       1%          3
 Conjure Flame            Conj/Fire      17%        6-21      4%          3
 Hailstorm                Conj/Ice       22%        3d7       9%          4
 Confusing Touch          Hex            6%         N/A       12%         3
 Inner Flame              Hex/Fire       6%         N/A       12%         3
 Portal Projectile        Hex/Tloc       12%        N/A       12%         3
 Tukima's Dance           Hex            6%         N/A       12%         3
 Flame Wave               Conj/Fire      17%        2d7       13%         4
 Cause Fear               Hex            3%         N/A       34%         4
 Maxwell's Capacitive Co  Air            29%        ∞         65%         8
 Blade Hands              Tmut           3%         N/A       69%         5
 Summon Forest            Summ/Tloc      3%         N/A       69%         5
 Yara's Violent Unravell  Hex/Tmut       3%         3d4       69%         5
 Enfeeble                 Hex            3%         N/A       100%        7
 Haunt                    Necr/Summ      3%         N/A       100%        7
 Discord                  Hex            3%         N/A       100%        8
 Shatter                  Erth           3%         3d7*      100%        9


Dungeon Overview and Level Annotations

Branches:
Dungeon (9/15)             Temple (1/1) D:4            Lair (1/5) D:8
 Bailey (visited)
    Orc: D:9-12

Altars:
Ashenzari
Cheibriados
Dithmenos
Elyvilon
Fedhas
Hepliaklqana
Kikubaaqudgha
Makhleb
Nemelex Xobeh
Okawaru
Qazlal
Ru
Sif Muna
Trog
Uskayaw
Vehumet
Wu Jian
Xom
Yredelemnul
Zin
The Shining One


Innate Abilities, Weirdness & Mutations

You have a beak for a mouth.
You have claws for feet.
Your magical nature lets you fly swiftly and evasively.


Message History

The blink frog is almost dead.
You are struck by an arc of lightning.
The blink frog is struck by an arc of lightning.
You kill the blink frog!
Sif Muna accepts your kill.
You are struck by an arc of lightning.
Unknown command.
Casting: Static Discharge (safe; 1% risk of failure)
Confirm with . or Enter, or press ? or * to list all spells.
The blink frog is struck by an arc of lightning.
The blink frog is lightly wounded.
You are struck by an arc of lightning.
The blink frog is struck by an arc of lightning.
The blink frog is moderately wounded.
The lightning grounds out.
The blink frog blinks!
Unknown command.
The blink frog blinks! x3
Casting: Static Discharge (safe; 1% risk of failure)
Confirm with . or Enter, or press ? or * to list all spells.
Aiming: Poisonous Vapours (safe; 1% risk of failure)
Press: ? - help, Dir - move target, f - blink frog
Aim: a blink frog (moderately wounded) Poisonous vapours surround the blink frog!
The blink frog is poisoned.
Unknown command.
Casting: Poisonous Vapours (safe; 1% risk of failure)
Confirm with . or Enter, or press ? or * to list all spells.
Aiming: Poisonous Vapours (safe; 1% risk of failure)
Press: ? - help, Dir - move target, f/p - blink frog
Aim: a blink frog (moderately wounded, very poisoned) Poisonous vapours surround the blink frog!
The blink frog looks as sick as possible!
Unknown command.
The blink frog hits you but does no damage.
The blink frog attacks as you move away!
The blink frog hits you!
* * * LOW HITPOINT WARNING * * *
The blink frog attacks as you move away!
The blink frog hits you!
You die...

### ##### #.########### ....#
####....†......# ##
.#..###.##.....F@....######.##
##..##.........F..†...........
....................>........
##..##.#.#......#..#†........
#..##..####...##...#...#.##.
#..##..##.#...##..##..##.#
#..##.## #.........#..#..##.#
...##.# #..................#
##..##.# #............†.....#


You could see 2 blink frogs.

Vanquished Creatures
  An orc warlord (Bailey)
  Amaemon (D:9)
  Pikel (D:4)
  Maurice (D:9)
  Joseph (D:7)
  Maggie (D:8)
  2 kobold demonologists (D:7)
  2 trolls (D:9)
  A hornet (D:8)
  2 blink frogs (Lair:1)
  Prince Ribbit (D:5)
  Sigmund (D:4)
  8 wyverns
  13 yaks (Lair:1)
  A basilisk (Lair:1)
  2 steam dragons
  Menkaure (D:4)
  Edmund (D:5)
  An acid dragon (D:8)
  2 water moccasins (D:5)
  5 orc warriors
  An ogre (D:6)
  2 centaurs
  A lemure (D:4)
  2 phantoms (D:5)
  2 kobold brigands
  8 bullfrogs
  6 scorpions
  3 wights (D:7)
  4 killer bees
  A howler monkey (D:9)
  An electric eel (D:6)
  2 orc priests
  4 jellies
  Crazy Yiuf (D:5)
  2 gnoll boudas
  4 hounds
  Ijyb (D:5)
  12 orc wizards
  5 iguanas
  A statue (D:7)
  Robin (D:2)
  16 gnolls
  13 adders
  A white imp (D:6)
  4 ufetubi
  3 worms
  3 dart slugs
  30 orcs
  9 endoplasms
  5 giant cockroaches
  17 goblins
  18 hobgoblins
  3 jackals (D:4)
  18 kobolds
  2 quokkas (D:4)
  11 ball pythons
  6 bats
  2 frilled lizards (D:1)
  2 rats (D:1)
276 creatures vanquished.

Vanquished Creatures (collateral kills)
  An orange demon (D:9)
1 creature vanquished.

Vanquished Creatures (others)
  10 fungi
  2 plants (Lair:1)
12 creatures vanquished.

Grand Total: 289 creatures vanquished

Notes
Turn   | Place    | Note
-------+----------+-------------------------------------------
     0 | D:1      | quinnr the Tengu Air Elementalist began the quest for the
                  | Orb.
     0 | D:1      | Reached XP level 1. HP: 10/10 MP: 4/4
   301 | D:1      | Reached XP level 2. HP: 15/15 MP: 6/6
   829 | D:2      | Reached skill level 5 in Air Magic
   829 | D:2      | Reached XP level 3. HP: 19/19 MP: 7/7
  1151 | D:2      | Noticed Robin
  1166 | D:2      | Killed Robin
  1168 | D:2      | Reached XP level 4. HP: 24/24 MP: 8/8
  1657 | D:2      | Reached skill level 6 in Air Magic
  1758 | D:2      | Found a faded altar of an unknown god.
  1919 | D:3      | Got the Grimoire of Combat Magic and the Caves
  1956 | D:3      | Learned a level 3 spell: Mephitic Cloud
  2126 | D:3      | Learned a level 2 spell: Static Discharge
  2302 | D:3      | Gained mutation: Your magical nature lets you fly swiftly
                  | and evasively. [Tengu growth]
  2302 | D:3      | Reached XP level 5. HP: 23/28 MP: 9/9
  2970 | D:3      | Reached skill level 1 in Poison Magic
  3233 | D:4      | Found a staircase to the Ecumenical Temple.
  3242 | Temple   | Entered the Ecumenical Temple
  3422 | Temple   | Became a worshipper of Sif Muna the Loreminder
  3537 | D:4      | Reached XP level 6. HP: 32/32 MP: 10/10
  3609 | D:4      | Reached skill level 7 in Air Magic
  4200 | D:4      | Noticed Menkaure
  4212 | D:4      | Killed Menkaure
  4213 | D:4      | Reached XP level 7. HP: 32/36 MP: 13/13
  4295 | D:4      | Reached * piety under Sif Muna
  4313 | D:4      | Noticed Sigmund
  4323 | D:4      | Killed Sigmund
  4324 | D:4      | Reached skill level 8 in Air Magic
  4406 | D:4      | Found a broken altar of Ashenzari.
  4406 | D:4      | Found a sacrificial altar of Ru.
  4601 | D:4      | Noticed Pikel
  4631 | D:4      | Killed Pikel
  4632 | D:4      | Reached skill level 10 in Air Magic
  4632 | D:4      | Reached XP level 8. HP: 35/41 MP: 12/15
  5327 | D:4      | Found a staircase to the Ecumenical Temple.
  5417 | D:4      | Found a sacrificial altar of Ru.
  5418 | D:4      | Found a broken altar of Ashenzari.
  5516 | D:5      | Entered Level 5 of the Dungeon
  5521 | D:5      | Noticed Prince Ribbit
  5549 | D:5      | Noticed Ijyb
  5565 | D:5      | Killed Ijyb
  5752 | D:5      | Reached skill level 1 in Invocations
  5913 | D:4      | Learned a level 2 spell: Poisonous Vapours
  5918 | D:4      | Learned a level 4 spell: Airstrike
  5974 | D:5      | Reached skill level 11 in Air Magic
  6224 | D:5      | Noticed Edmund
  6240 | D:5      | Killed Edmund
  6241 | D:5      | Reached XP level 9. HP: 45/45 MP: 16/16
  6418 | D:5      | Found a snail-covered altar of Cheibriados.
  6466 | D:5      | Reached ** piety under Sif Muna
  6946 | D:5      | Killed Prince Ribbit
  7136 | D:5      | Found a runed translucent door.
  7137 | D:5      | Noticed Crazy Yiuf
  7159 | D:5      | Killed Crazy Yiuf
  7160 | D:5      | Reached skill level 5 in Stealth
  7670 | D:5      | Reached skill level 12 in Air Magic
  8388 | D:6      | Found a stormy altar of Qazlal.
  8409 | D:6      | Reached skill level 5 in Dodging
  8453 | D:6      | Identified the +8 whip of Vodoil {antimagic, rElec Will+
                  | Str+7 Int-4}
  8493 | D:6      | Reached skill level 5 in Invocations
  8825 | D:7      | Reached XP level 10. HP: 50/50 MP: 17/17
  8827 | D:7      | Reached *** piety under Sif Muna
  8913 | D:6      | Learned a level 4 spell: Olgreb's Toxic Radiance
  8977 | D:7      | Noticed a kobold demonologist
  8979 | D:7      | Noticed a kobold demonologist
  8989 | D:7      | Noticed a rust devil
  8994 | D:7      | Killed a kobold demonologist
  9001 | D:7      | Killed a kobold demonologist
  9002 | D:7      | Reached skill level 1 in Fighting
  9446 | D:7      | Found a radiant altar of Vehumet.
  9791 | D:7      | Noticed Joseph
  9802 | D:7      | Killed Joseph
 10850 | D:8      | Found a staircase to the Lair.
 11346 | D:8      | Noticed Maggie
 11368 | D:8      | Killed Maggie
 11369 | D:8      | Reached skill level 5 in Poison Magic
 11538 | D:8      | Noticed a boulder beetle
 11540 | D:8      | Noticed a manticore
 11763 | D:9      | Noticed Amaemon
 11763 | D:9      | Noticed an orange demon
 11779 | D:9      | Killed an orange demon
 11780 | D:9      | Reached skill level 5 in Spellcasting
 11780 | D:9      | Reached XP level 11. HP: 39/60 MP: 18/19
 11786 | D:9      | Killed Amaemon
 11870 | D:9      | Found a flagged portal.
 11991 | Bailey   | Entered a bailey
 12250 | Bailey   | Noticed an orc warlord
 12360 | Bailey   | Reached skill level 13 in Air Magic
 12597 | Bailey   | Found a runed translucent gate.
 12597 | Bailey   | Found a runed translucent gate.
 12597 | Bailey   | Found a runed translucent gate.
 12868 | Bailey   | Killed an orc warlord
 13011 | Bailey   | Acquired the +7 lajatang of Order {silver, rMut}
 13011 | Bailey   | Found the +7 lajatang of Order {silver, rMut}
 13297 | D:9      | Acquired the Reference Book on the Legion and Vapour
 13316 | D:9      | Learned a level 5 spell: Freezing Cloud
 13570 | D:9      | Noticed Maurice
 13582 | D:9      | Killed Maurice
 14086 | Lair:1   | Entered Level 1 of the Lair of Beasts
 14111 | Lair:1   | Reached skill level 1 in Ice Magic
 14124 | Lair:1   | Reached **** piety under Sif Muna
 14570 | Lair:1   | Acquired the ring of Tuept {Will+ rCorr}
 14640 | Lair:1   | Reached skill level 5 in Conjurations
 14862 | Lair:1   | Slain by a blink frog

Illustrated notes

Levels and vault maps discovered:
D:1:      minmay_arrival_shattered_statue, layout_rooms,
          nicolae_concentric_dashed_squares_wild
D:2:      layout_basic, ebering_ecumenical_altar_mist, chequers_arboretum,
          uniq_robin
D:3:      layout_basic, serial_corexii_hall, chequers_hall_statues_y,
          chequers_hall_statues_wall_a
D:4:      layout_gridville, jmf_multi_god_temple,
          minmay_temple_entry_stoned_glass, uniq_menkaure, uniq_sigmund,
          uniq_pikel
D:5:      layout_rooms, mainiacjoe_overflow_surrounded_room,
          chequers_serial_rivers_large_a, corexii_corridor_pit, minmay_bent,
          uniq_edmund, uniq_ijyb, uniq_prince_ribbit1, uniq_crazy_yiuf_cottage
D:6:      cheibrodos_helix_gallery, layout_rooms, lemuel_doored_altar
D:7:      layout_loops_corners, vehumet_statue, uniq_joseph
D:8:      wad_arrow_thing, layout_basic, erik_lair_dragon, special_room
          [special_room_orc], dreamdust_mushroom_princess, uniq_maggie
D:9:      layout_roguey, serial_glass, glass_columns_a, glass_columns_c,
          feat_on_display, enter_bailey_3, uniq_amaemon, uniq_maurice
Temple:   eino_temple_scatter_basement
Lair:1:   layout_gridlike

Skill      XL: |  1  2  3  4  5  6  7  8  9 10 11 |
---------------+----------------------------------+-----
Conjurations   | 2 3 4 5 |  5.4
Air Magic      | 5 6 7 10 11 12 13 | 13.6
Poison Magic   | 1 2 4 5 6 |  6.6
Spellcasting   | 3 4 5 6 |  6.0
Invocations    | 2 5 6 |  6.0
Stealth        | 3 5 6 |  6.0
Dodging        | 5 6 8 |  8.2
Fighting       | 3 4 |  4.0
Ice Magic      | 2 |  2.2

Action                   |  1- 3 |  4- 6 |  7- 9 | 10-12 || total
-------------------------+-------+-------+-------+-------++-------
Melee: Dagger            |       |    18 |    26 |     3 ||    47
       Peck              |       |     6 |     5 |     6 ||    17
       Kick              |       |     4 |     9 |     9 ||    22
       Punch             |       |     1 |       |     1 ||     2
       Demon whip        |       |       |       |    18 ||    18
 Cast: Shock             |    74 |    94 |   163 |    96 ||   427
       Static Discharge  |       |    12 |    30 |    31 ||    73
       Mephitic Cloud    |       |     5 |    11 |    10 ||    26
       Poisonous Vapours |       |       |    46 |   128 ||   174
       Airstrike         |       |       |     7 |    40 ||    47
       Freezing Cloud    |       |       |       |     1 ||     1
       Olgreb's Toxic Ra |       |       |       |     1 ||     1
Invok: Channel Magic     |       |       |       |     3 ||     3
  Use: Scroll            |       |       |     4 |    19 ||    23
       Potion            |       |       |       |     1 ||     1
 Stab: Confused          |       |       |     4 |       ||     4
Armor: Robe              |     1 |     1 |     7 |    13 ||    22
Dodge: Dodged            |     1 |    31 |    61 |    46 ||   139

Table legend: (Time is in decaauts)
 A = Elapsed time spent in this place.
 B = Non-inter-level travel time spent in this place.
 C = Inter-level travel time spent in this place.
 D = Time resting spent in this place.
 E = Time spent auto-exploring this place.
 F = Levels seen in this place.
 G = Mean time per level.
                   A        B        C        D        E       F      G
               +--------+--------+--------+--------+--------+-----+--------+
         Total |  14310 |  13970 |    340 |   2255 |   9586 |  12 | 1192.5 |
       Dungeon |  12529 |  12227 |    302 |   1969 |   8597 |   9 | 1392.1 |
        Temple |    179 |    145 |     34 |      0 |    129 |   1 |  179.0 |
          Lair |    596 |    593 |      3 |     14 |    412 |   1 |  596.0 |
        Bailey |   1005 |   1005 |      0 |    272 |    446 |   1 | 1005.0 |
               +--------+--------+--------+--------+--------+-----+--------+

Top non-repeatable levels by time:
     D:4: 2478 daAuts
     D:3: 1592 daAuts
     D:5: 1553 daAuts
     D:8: 1445 daAuts
     D:7: 1356 daAuts
     D:9: 1210 daAuts
     D:2: 1081 daAuts
  Bailey: 1005 daAuts
     D:6: 995 daAuts
     D:1: 815 daAuts
  Lair:1: 596 daAuts
  Temple: 179 daAuts
